 Dungeon Crawl Stone Soup version 0.13.0-67-g7ee5eca (webtiles) character file.

55 Lilouch the Firebug (level 2, 0/19 HPs)
             Began as a Mummy Fire Elementalist on Nov 27, 2013.
             Slain by a kobold (2 damage)
             ... on Level 2 of the Dungeon.
             The game lasted 00:02:55 (931 turns).

Lilouch the Firebug (Mummy Fire Elementalist)        Turns: 931, Time: 00:02:55

HP   0/19        AC  2     Str 11      XL: 2   Next: 27%
MP   2/4         EV  7     Int 14      God:
Gold 41          SH 19     Dex 12      Spells:  1 memorised,  2 levels left

Res.Fire  : x . .   See Invis. : .   f - +0 spear
Res.Cold  : + . .   Warding    : .   a - +0 robe
Life Prot.: + + +   Conserve   : .   g - +0 large shield
Res.Poison: +       Res.Corr.  : .   (no helmet)
Res.Elec. : .       Clarity    : .   (no cloak)
Sust.Abil.: . .     Spirit.Shd : .   (no gloves)
Res.Mut.  : .       Stasis     : .   (no boots)
Res.Rott. : +       Flight     : .   (no amulet)
Saprovore : . . .                    (no ring)
                                     (no ring)

@: very slightly contaminated, slightly resistant to hostile enchantments,
unstealthy
A: no food or potions, fire vulnerability, restore body, cold resistance 1, life
protection 3, poison resistance, torment resistance, unbreathing
a: no special abilities


You were on level 2 of the Dungeon.
You were not hungry.

You visited 1 branch of the dungeon, and saw 2 of its levels.

You collected 21 gold pieces.

Inventory:

Hand weapons
 f - a +0,+0 spear (weapon)
Missiles
 d - 36 poisoned needles
 i - 25 stones (quivered)
Armour
 a - a +0 robe (worn)
 g - a +0 large shield (worn)
Scrolls
 c - a scroll of identify {unknown}
 e - 2 scrolls of fog {unknown}
 h - a scroll of teleportation {unknown}
Jewellery
 j - an uncursed ring of wizardry {unknown}
Books
 b - a book of Flames

   Spells                             Type                      Level
   *Flame Tongue                      Conjuration/Fire             1
   Throw Flame                        Conjuration/Fire             2
   Conjure Flame                      Conjuration/Fire             3
   Inner Flame                        Hexes/Fire                   3
   Sticky Flame                       Conjuration/Fire             4
   Fireball                           Conjuration/Fire             5


   Skills:
 - Level 1.5 Dodging
 - Level 1.5 Stealth
 + Level 0.0 Shields
 + Level 1.3 Spellcasting
 + Level 1.1 Conjurations
 * Level 2.7 Fire Magic


You had 2 spell levels left.
You knew the following spells:

 Your Spells              Type           Power        Failure   Level  Hunger
a - Flame Tongue          Conj/Fire      #....        100%        1    N/A

Dungeon Overview and Level Annotations

Branches:
Dungeon (2/27)

Altars:


Innate Abilities, Weirdness & Mutations

You do not eat or drink.
Your flesh is vulnerable to fire.
Your flesh is cold resistant.
You are immune to negative energy.
Your system is resistant to poisons.
You are immune to unholy pain and torment.
You can survive without breathing.


Message History

Wisps of smoke drift from your hands. You block the kobold's attack.
You block the goblin's attack.
Casting: Flame Tongue
Confirm with . or Enter, or press ? or * to list all spells.
Aiming: Flame Tongue
Press: ? - help, Shift-Dir - straight line, f/p - kobold
Aim: a kobold You miscast Flame Tongue.
Flames sear your flesh. You block the kobold's attack.
The goblin hits you but does no damage.
You hit the goblin.
You kill the goblin!
You block the kobold's attack. The kobold hits you.
* * * LOW HITPOINT WARNING * * *
You barely miss the kobold. The kobold hits you.
* * * LOW HITPOINT WARNING * * *
You barely miss the kobold. You block the kobold's attack.
You barely miss the kobold. The kobold barely misses you.
You completely miss the kobold. You block the kobold's attack.
You closely miss the kobold. The kobold barely misses you. The kobold hits you.
You die...

##+#####
#.....?#
#......#
+......#
#..K...#
#..@...#
#...)..#
########


You could see a kobold.

Vanquished Creatures
  A giant gecko (D:1)
  2 giant cockroaches (D:1)
  2 hobgoblins (D:1)
  2 bats (D:1)
  A giant newt (D:1)
  2 goblins
  3 rats (D:1)
13 creatures vanquished.

Notes
Turn   | Place    | Note
--------------------------------------------------------------
     0 | D:1      | Lilouch, the Mummy Fire Elementalist, began the quest for the Orb.
     0 | D:1      | Reached XP level 1. HP: 13/13 MP: 3/3
   285 | D:1      | Reached skill level 1 in Conjurations
   386 | D:1      | Reached XP level 2. HP: 19/19 MP: 1/4
   931 | D:2      | Slain by a kobold

Action                   || total
-------------------------++-------
Melee: Unarmed           ||     8
       Spear             ||    16
 Cast: Flame Tongue      ||    20
 Stab: Sleeping          ||     1
